[Event "Titled Tuesday Blitz November 22 Early 2022"]
[White "Saravana, Krishnan P."]
[Black "Hrabinska, Myroslava"]
[WhiteFideId "5018382"]
[BlackFideId "14109190"]
[WhiteElo "2155"]
[BlackElo "2171"]
[Result "1-0"]
[Round "04"]
[TimeControl "180+1"]
[Date "2022.11.23"]
[WhiteClock "0:00:51"]
[BlackClock "0:00:26"]

1. d4 Nf6 2. c4 e6 3. Nf3 d5 4. Nc3 Be7 5. Bg5 O-O 6. e3 h6 7. Bxf6 Bxf6 8. Qc2 b6 9. cxd5 exd5 10. Bd3 c5 11. Nxd5 Qxd5 12. Bh7+ Kh8 13. Be4 Qe6 14. Bxa8 cxd4 15. Qe4 dxe3 16. Qxe6 exf2+ 17. Kxf2 Bxe6 18. Rac1 Bxb2 19. Rc7 Na6 20. Rxa7 Nc5 21. Rd1 g5 22. Bc6 Rc8 23. Ra8 Kg7 24. Rxc8 Bxc8 25. Bd5 g4 26. Ne1 Bf5 27. g3 Na4 28. Bb3 Nc3 29. Rd8 Ba3 30. Ng2 Bc5+ 31. Ke1 Bb1 32. Rd7 Nxa2 33. Rxf7+ Kg6 34. Nf4+ Kg5 35. Ne6+ Kg6 36. Nxc5 bxc5 37. Rc7 Nc1 38. Bc4 Nd3+ 39. Bxd3+ Bxd3 40. Rxc5 Be4 41. Kd2 Kf6 42. Ke3 Bf3 43. Kf4 Kg6 44. h4 Bd1 45. Rc6+ Kg7 46. Kf5 Bf3 47. Rc7+ 1-0


[Site "https://www.chess.com"]

[Event "Titled Tuesday Blitz November 22 Early 2022"]
[White "Sargissyan, Sargis"]
[Black "Torres Dominguez, David"]
[WhiteFideId "13303210"]
[BlackFideId "2220857"]
[WhiteElo "2109"]
[BlackElo "2037"]
[Result "1-0"]
[Round "04"]
[TimeControl "180+1"]
[Date "2022.11.23"]
[WhiteClock "0:00:03"]
[BlackClock "0:00:01"]

1. c4 e5 2. Nc3 Nc6 3. Nf3 f5 4. d4 e4 5. Ng5 Bb4 6. h4 Bxc3+ 7. bxc3 Nf6 8. h5 d6 9. h6 g6 10. Bf4 O-O 11. e3 Qe8 12. Rb1 Nd8 13. Qb3 Ne6 14. g3 Nxf4 15. gxf4 Rb8 16. c5+ d5 17. c4 c6 18. cxd5 cxd5 19. Bb5 Bd7 20. Ke2 b6 21. Bxd7 Qxd7 22. Rhc1 Rfc8 23. Qb5 Qxb5+ 24. Rxb5 bxc5 25. Rcxc5 a6 26. Rxc8+ Rxc8 27. Rb7 Ng4 28. Rg7+ Kf8 29. Nxh7+ Ke8 30. Rxg6 Rc2+ 31. Ke1 Rxa2 32. Ng5 Ra1+ 33. Kd2 Ra2+ 34. Kc3 Rxf2 35. h7 Rh2 36. Rg8+ Ke7 37. h8=Q Rxh8 38. Rxh8 Nxe3 39. Rh7+ Kd6 40. Rh6+ Kd7 41. Rxa6 Nd1+ 42. Kd2 Nf2 43. Nf7 e3+ 44. Kxe3 Ng4+ 45. Kd3 Nf2+ 46. Ke2 Ne4 47. Ne5+ Ke7 48. Ke3 Nc3 49. Rc6 Ne4 50. Rc7+ Kd8 51. Rd7+ Ke8 52. Rxd5 Nf6 53. Ra5 Ne4 54. Ra7 Nd6 55. d5 Nb5 56. Ra8+ 1-0


[Site "https://www.chess.com"]

[Event "Titled Tuesday Blitz November 22 Early 2022"]
[White "Sariego Figueredo, Wilfredo"]
[Black "Gabdrakhmanov, Azat"]
[WhiteFideId "3500080"]
[BlackFideId "34189197"]
[WhiteElo "2309"]
[BlackElo "2254"]
[Result "0-1"]
[Round "04"]
[TimeControl "180+1"]
[Date "2022.11.23"]
[WhiteClock "0:00:06"]
[BlackClock "0:01:22"]

1. d4 Nf6 2. Bf4 g6 3. Nc3 d5 4. Nb5 Na6 5. e3 c6 6. Nc3 Nb8 7. Nf3 Bg7 8. Be2 Nbd7 9. O-O O-O 10. h3 Re8 11. Ne5 Nxe5 12. Bxe5 Bf8 13. Re1 Nd7 14. Bh2 e5 15. Bf3 Bg7 16. dxe5 Nxe5 17. Be2 Bf5 18. Bd3 Nxd3 19. cxd3 d4 20. Na4 dxe3 21. fxe3 Qa5 22. d4 Bh6 23. Be5 Qd8 24. Nc5 b6 25. Nd3 Bxd3 26. Qxd3 Rxe5 27. Qc4 Qd5 28. Qc3 Re6 29. Rad1 Rae8 30. Qa3 Re4 31. Qxa7 Rxe3 32. Rxe3 Bxe3+ 33. Kh1 Bxd4 34. b3 Re2 35. Qb8+ Kg7 0-1


[Site "https://www.chess.com"]

[Event "Titled Tuesday Blitz November 22 Early 2022"]
[White "Savic, Miroslav"]
[Black "Bobomurodova, Maftuna"]
[WhiteFideId "14508494"]
[BlackFideId "14207400"]
[WhiteElo "2209"]
[BlackElo "1891"]
[Result "1-0"]
[Round "04"]
[TimeControl "180+1"]
[Date "2022.11.23"]
[WhiteClock "0:00:18"]
[BlackClock "0:00:03"]

1. Nf3 Nf6 2. c4 e6 3. Nc3 d5 4. d4 Bb4 5. Bg5 O-O 6. Qb3 Bxc3+ 7. bxc3 b6 8. Bxf6 gxf6 9. cxd5 Qxd5 10. g3 Bb7 11. Bg2 Qd6 12. O-O Nd7 13. Rad1 a5 14. a4 Qe7 15. Nd2 Bxg2 16. Kxg2 f5 17. e4 fxe4 18. Nxe4 Nf6 19. Nxf6+ Qxf6 20. Qc4 Qe7 21. Rfe1 Rad8 22. Re5 c5 23. d5 Qf6 24. f4 exd5 25. Rdxd5 Rfe8 26. Qe4 Qc6 27. c4 Qxa4 28. Rg5+ Kf8 29. Qxh7 Qa2+ 30. Kh3 Rxd5 31. cxd5 Re2 32. Rg8+ Ke7 33. Qh4+ Kd7 34. Qd8# 1-0


[Site "https://www.chess.com"]

[Event "Titled Tuesday Blitz November 22 Early 2022"]
[White "Seo, Jung Min"]
[Black "Kirillov, Dmitry"]
[WhiteFideId "1734687"]
[BlackFideId "34180572"]
[WhiteElo "2455"]
[BlackElo "2095"]
[Result "1-0"]
[Round "04"]
[TimeControl "180+1"]
[Date "2022.11.23"]
[WhiteClock "0:01:11"]
[BlackClock "0:00:02"]

1. e4 c6 2. d4 d5 3. e5 c5 4. Nf3 Nc6 5. dxc5 Bg4 6. h3 Bxf3 7. Qxf3 e6 8. Qc3 d4 9. Qc4 Nxe5 10. Qb5+ Qd7 11. Bf4 Qxb5 12. Bxb5+ Nc6 13. Nd2 Bxc5 14. Ne4 Be7 15. Nd6+ Bxd6 16. Bxd6 Ne7 17. O-O-O Nf5 18. Bc5 O-O-O 19. g4 Nd6 20. Bxc6 bxc6 21. Rxd4 Nb5 22. Rxd8+ Rxd8 23. c4 Nd6 24. b3 a6 25. Kc2 Ne4 26. Be3 e5 27. f3 Ng3 28. Re1 f5 29. Bf2 f4 30. Rxe5 Rd7 31. Re1 h5 32. h4 hxg4 33. fxg4 Rf7 34. h5 Kc7 35. g5 Nxh5 36. g6 Rf6 37. Re5 Ng3 38. Re7+ Kd6 39. Rxg7 Ne4 40. Bd4 Rf5 41. Kd3 Nc5+ 42. Bxc5+ Kxc5 43. Rf7 Rg5 44. g7 Kd6 45. Ke4 Ke6 46. Ra7 a5 47. Kxf4 Rg6 48. Ke4 Kd6 49. Kd4 c5+ 50. Ke4 Rg1 51. Kf5 Kc6 52. Kf6 Rf1+ 53. Kg6 Rg1+ 54. Kh7 Rh1+ 55. Kg8 Kb6 56. Rf7 1-0


[Site "https://www.chess.com"]

[Event "Titled Tuesday Blitz November 22 Early 2022"]
[White "Shaik Sumer Arsh"]
[Black "Garmash, Aliona"]
[WhiteFideId "45020000"]
[BlackFideId "34127620"]
[WhiteElo "2190"]
[BlackElo "1958"]
[Result "1-0"]
[Round "04"]
[TimeControl "180+1"]
[Date "2022.11.23"]
[WhiteClock "0:00:58"]
[BlackClock "0:00:02"]

1. d4 d5 2. c4 c6 3. cxd5 cxd5 4. Nc3 Nf6 5. Bf4 Nc6 6. e3 a6 7. Be2 Bf5 8. Nf3 e6 9. Qb3 Bd6 10. Bxd6 Qxd6 11. Qxb7 O-O 12. Qb3 Rfb8 13. Qa3 Nb4 14. O-O Qd8 15. Ne1 Rb7 16. Rc1 Qb8 17. Na4 a5 18. Nc5 Rb6 19. Ned3 Nxd3 20. Bxd3 Rxb2 21. Bxf5 exf5 22. Na6 Qb6 23. Nc7 Rc8 24. Nxd5 Rxc1 25. Nxb6 Rxf1+ 26. Kxf1 Rxb6 27. Qc5 Rb1+ 28. Ke2 g6 29. Qxa5 Ne4 30. f3 Rb2+ 31. Kd3 Nf2+ 32. Kc3 Nd1+ 33. Kd3 Nf2+ 34. Kc4 Rc2+ 35. Kd5 1-0


[Site "https://www.chess.com"]

[Event "Titled Tuesday Blitz November 22 Early 2022"]
[White "Shapiro, Daniel"]
[Black "Ferreira, Vitor Hugo Vieira"]
[WhiteFideId "2001780"]
[BlackFideId "2119765"]
[WhiteElo "2338"]
[BlackElo "2168"]
[Result "0-1"]
[Round "04"]
[TimeControl "180+1"]
[Date "2022.11.23"]
[WhiteClock "0:02:34"]
[BlackClock "0:02:30"]

1. d4 d5 2. c4 dxc4 3. e4 Nf6 4. e5 Nd5 5. Bxc4 Nc6 6. Ne2 Nb6 7. Bd3 g6 8. Be3 Bg7 9. Nbc3 O-O 10. a3 a5 11. Qd2 a4 12. h4 h5 13. O-O-O Na5 14. Bh6 Nb3+ 0-1


[Site "https://www.chess.com"]

[Event "Titled Tuesday Blitz November 22 Early 2022"]
[White "Sharifov, Mekhriddin"]
[Black "Hoffmann, Asa"]
[WhiteFideId "14701545"]
[BlackFideId "2001470"]
[WhiteElo "2109"]
[BlackElo "2117"]
[Result "1-0"]
[Round "04"]
[TimeControl "180+1"]
[Date "2022.11.23"]
[WhiteClock "0:00:42"]
[BlackClock "0:00:24"]

1. e4 d6 2. d4 Nf6 3. Nc3 c6 4. h3 Qa5 5. Bd3 e5 6. Nf3 Nbd7 7. O-O Be7 8. a4 O-O 9. Re1 Re8 10. Bc4 h6 11. Be3 Qc7 12. a5 Bf8 13. d5 Nc5 14. Nd2 cxd5 15. Bxd5 Be6 16. b4 Bxd5 17. Nxd5 Nxd5 18. exd5 Nd7 19. c4 f5 20. f3 Be7 21. Qb3 Kh8 22. Rac1 b6 23. a6 Rac8 24. Nb1 Nf6 25. Na3 Qd7 26. Nb5 Nxd5 27. Rcd1 Nxe3 28. Rxe3 Qe6 29. Rd5 Red8 30. Nxa7 Ra8 31. Nc6 Rxa6 32. Nxd8 Ra1+ 33. Kh2 Bxd8 34. Qb2 Rf1 35. Qe2 Rb1 36. Qd3 Rb2 37. Rxd6 1-0


[Site "https://www.chess.com"]

[Event "Titled Tuesday Blitz November 22 Early 2022"]
[White "Shubenkova, Veronika"]
[Black "Ai, Evan"]
[WhiteFideId "44124040"]
[BlackFideId "2094770"]
[WhiteElo "2027"]
[BlackElo "1963"]
[Result "0-1"]
[Round "04"]
[TimeControl "180+1"]
[Date "2022.11.23"]
[WhiteClock "0:00:01"]
[BlackClock "0:00:04"]

1. e4 c5 2. Nc3 Nc6 3. g3 g6 4. Bg2 Bg7 5. d3 e6 6. Be3 d6 7. f4 Nge7 8. Nf3 a6 9. O-O Nd4 10. Rb1 b5 11. Ne2 Nxe2+ 12. Qxe2 Bb7 13. g4 Qc7 14. Ng5 h6 15. Nf3 f5 16. Nh4 Bf6 17. Bf2 g5 18. exf5 gxh4 19. Bxb7 Qxb7 20. h3 exf5 21. Qe6 Rf8 22. Qxd6 Qc6 23. Qxc6+ Nxc6 24. Bxc5 Bd4+ 25. Bxd4 Nxd4 26. Rbe1+ Kf7 27. c3 Nc6 28. gxf5 Rae8 29. Kf2 Kf6 30. Kf3 Kxf5 31. Re4 Rg8 32. Rxe8 Rxe8 33. Rg1 Ne7 34. Rg7 Nd5 35. Rf7+ Kg6 36. Ra7 Re3+ 37. Kg4 Nf6+ 38. Kxh4 Rxd3 39. Rxa6 Kf5 40. Rb6 Rd5 41. b3 Rc5 42. a4 bxa4 43. bxa4 Rxc3 44. a5 Rf3 45. a6 Rxf4+ 46. Kg3 Ra4 47. Rb5+ Kg6 48. Rb6 h5 49. Rc6 Kf5 50. Rc5+ Ke6 51. Rc6+ Ke5 52. Rc5+ Nd5 53. Rc6 h4+ 54. Kf3 Nb4 55. Rc5+ Kd6 56. Rh5 Nxa6 57. Rh6+ Ke5 58. Rh5+ Kf6 59. Rh6+ Kg5 60. Rh8 Nc5 61. Rg8+ Kf6 62. Rg4 Ra3+ 63. Kg2 Ra2+ 64. Kf3 Ne6 65. Rxh4 Kf5 66. Rh5+ Ng5+ 67. Kg3 Ra3+ 68. Kh2 Kf4 69. Rh4+ Kf3 70. Rh8 Ra2+ 71. Kh1 Kg3 72. Rg8 Ra1# 0-1


[Site "https://www.chess.com"]

[Event "Titled Tuesday Blitz November 22 Early 2022"]
[White "Shuvalova, Polina"]
[Black "Paravyan, David"]
[WhiteFideId "24171760"]
[BlackFideId "4194985"]
[WhiteElo "2342"]
[BlackElo "2546"]
[Result "1/2-1/2"]
[Round "04"]
[TimeControl "180+1"]
[Date "2022.11.22"]
[WhiteClock "0:00:47"]
[BlackClock "0:01:11"]

1. d4 Nf6 2. Nf3 g6 3. c4 Bg7 4. Nc3 d5 5. e3 O-O 6. cxd5 Nxd5 7. Bc4 Nxc3 8. bxc3 c5 9. O-O b6 10. a4 Nc6 11. Ba3 Bb7 12. Qe2 Qc7 13. Rfd1 Rac8 14. Rac1 e6 15. dxc5 Rfd8 16. cxb6 axb6 17. Bb5 Ne5 18. Rxd8+ Rxd8 19. Nd4 Nd7 20. Bxd7 Qxd7 21. Qb5 Qd5 22. Qxd5 Bxd5 23. c4 Bb7 24. c5 bxc5 25. Bxc5 Ra8 26. Rb1 Rxa4 27. h3 Rc4 28. Rxb7 Rxc5 29. Rb8+ Bf8 30. g3 Kg7 31. Rb7 Kg8 32. Rb8 Kg7 33. Rb7 Kg8 34. Rb8 1/2-1/2


[Site "https://www.chess.com"]

[Event "Titled Tuesday Blitz November 22 Early 2022"]
[White "Skibbe, Willi"]
[Black "Streltsov, Alexey"]
[WhiteFideId "4682190"]
[BlackFideId "24104434"]
[WhiteElo "2363"]
[BlackElo "2544"]
[Result "0-1"]
[Round "04"]
[TimeControl "180+1"]
[Date "2022.11.23"]
[WhiteClock "0:00:08"]
[BlackClock "0:00:16"]

1. Nf3 d5 2. g3 Nc6 3. c4 d4 4. Bg2 e5 5. d3 Nf6 6. O-O Be7 7. b4 Nd7 8. b5 Ncb8 9. e3 dxe3 10. fxe3 O-O 11. d4 Bf6 12. Bb2 exd4 13. exd4 c5 14. Qc2 cxd4 15. Nxd4 Qb6 16. Qf2 Nc5 17. Rd1 Bg4 18. Rd2 Na4 19. Ba3 Rd8 20. c5 Nxc5 21. Nb3 Rxd2 22. N1xd2 Nxb3 23. Qxb6 axb6 24. Re1 Nd7 25. Nxb3 Rxa3 26. Re8+ Nf8 27. Bxb7 Rxa2 28. Bc6 Be6 0-1


[Site "https://www.chess.com"]

[Event "Titled Tuesday Blitz November 22 Early 2022"]
[White "Skliarov, Viktor"]
[Black "Devaev, Alexander"]
[WhiteFideId "14106736"]
[BlackFideId "4169395"]
[WhiteElo "2284"]
[BlackElo "2225"]
[Result "1-0"]
[Round "04"]
[TimeControl "180+1"]
[Date "2022.11.23"]
[WhiteClock "0:00:15"]
[BlackClock "0:00:03"]

1. e4 c6 2. d4 d5 3. e5 Bf5 4. Nf3 e6 5. Be2 Nd7 6. O-O h6 7. a4 a6 8. a5 Rc8 9. Nbd2 Ne7 10. b4 Bg6 11. c3 Nf5 12. g4 Nh4 13. Nxh4 Qxh4 14. f4 f5 15. Bd3 Be7 16. gxf5 Bxf5 17. Bxf5 exf5 18. Nf3 Qh5 19. c4 Qf7 20. Re1 dxc4 21. e6 Qg6+ 22. Kh1 Nf6 23. Ne5 Qh5 24. Qxh5+ Nxh5 25. Bd2 Nf6 26. Nxc4 Nd5 27. Rab1 O-O 28. Ne5 Kh7 29. Nd7 Rfe8 30. Kg2 Bd6 31. Kf3 Re7 32. Nc5 Rce8 33. Re2 Bxc5 34. bxc5 Nf6 35. Be1 Nd5 36. Bh4 Rxe6 37. Rxe6 Rxe6 38. Rxb7 Re3+ 39. Kf2 Ra3 40. Rd7 Rxa5 41. Rd6 Ra2+ 42. Ke1 Ra1+ 43. Kd2 Ra2+ 44. Kc1 Rxh2 45. Bd8 Rh1+ 46. Kc2 Rh2+ 47. Kb3 Rh3+ 48. Ka4 Rh1 49. Rxc6 Ra1+ 50. Kb3 a5 51. Ra6 Nxf4 52. c6 Nd5 53. Rxa5 Rxa5 54. Bxa5 f4 55. Kc4 f3 56. Be1 Nc7 57. d5 g5 58. d6 Ne6 59. c7 g4 60. c8=Q f2 61. Bxf2 1-0


[Site "https://www.chess.com"]

[Event "Titled Tuesday Blitz November 22 Early 2022"]
[White "Sreyas Payyappat"]
[Black "Viskelis, Darius"]
[WhiteFideId "46674969"]
[BlackFideId "12800830"]
[WhiteElo "2083"]
[BlackElo "2025"]
[Result "1-0"]
[Round "04"]
[TimeControl "180+1"]
[Date "2022.11.23"]
[WhiteClock "0:00:12"]
[BlackClock "0:00:04"]

1. e4 c5 2. Nf3 g6 3. d4 cxd4 4. Nxd4 Bg7 5. Nc3 Nc6 6. Be3 Nf6 7. f4 d5 8. e5 Ne4 9. Nxe4 dxe4 10. Nxc6 Qxd1+ 11. Rxd1 bxc6 12. Bc5 f6 13. exf6 Bxf6 14. c3 Rb8 15. Ba3 O-O 16. Bc4+ Kg7 17. O-O Bf5 18. h3 h5 19. Be2 h4 20. Bg4 Rfd8 21. Bxf5 gxf5 22. Kf2 Rd5 23. Rxd5 cxd5 24. Rd1 e6 25. Ke3 Kf7 26. Rd2 Rg8 27. Bc5 Rg3+ 28. Kf2 a6 29. Kf1 Rg8 30. Rc2 Rc8 31. b4 Ke8 32. a4 Kd7 33. Ke2 Kc6 34. Bd4 Be7 35. c4 Kb7 36. c5 Kc6 37. Rb2 Rb8 38. Kf2 Rb7 39. g3 Rb8 40. Kg2 Rb7 41. g4 Rb8 42. g5 Rb7 43. g6 Bf8 44. Kf2 Bg7 45. b5+ axb5 46. axb5+ Rxb5 47. Bxg7 Rxc5 48. Be5 Rc1 49. g7 Rb1 50. Rxb1 1-0


[Site "https://www.chess.com"]

[Event "Titled Tuesday Blitz November 22 Early 2022"]
[White "Stefanova, Antoaneta"]
[Black "Chernov, Mikhail"]
[WhiteFideId "2902257"]
[BlackFideId "24143170"]
[WhiteElo "2426"]
[BlackElo "2113"]
[Result "0-1"]
[Round "04"]
[TimeControl "180+1"]
[Date "2022.11.23"]
[WhiteClock "0:00:01"]
[BlackClock "0:00:04"]

1. Nf3 c5 2. g3 Nc6 3. Bg2 e5 4. c4 g6 5. Nc3 Bg7 6. O-O d6 7. e4 Nge7 8. Ne1 O-O 9. d3 f5 10. f4 Be6 11. Nc2 Nd4 12. Ne3 Rb8 13. Bd2 a6 14. Ncd5 b5 15. b3 Nxd5 16. cxd5 Bd7 17. Kh1 fxe4 18. dxe4 exf4 19. gxf4 Qh4 20. Qe1 Qxe1 21. Raxe1 Rbe8 22. h3 h5 23. Nd1 Nc2 24. Re2 b4 25. Ne3 Bb5 26. Nc4 Na3 27. Rc1 Nxc4 28. bxc4 Bd7 29. Rce1 Bh6 30. Rf1 a5 31. Kg1 a4 32. Rf3 Rf7 33. Bf1 Ref8 34. Ref2 Bg7 35. Kh1 Bd4 36. Rg2 Kh7 37. Be2 Re8 38. Bd3 b3 39. axb3 axb3 40. Bb1 b2 41. e5 Bf5 42. e6 Rff8 43. Rf1 Bxb1 0-1


[Site "https://www.chess.com"]

[Event "Titled Tuesday Blitz November 22 Early 2022"]
[White "Stijve, Theo"]
[Black "Papp, Levente"]
[WhiteFideId "1331132"]
[BlackFideId "751243"]
[WhiteElo "2256"]
[BlackElo "2380"]
[Result "1-0"]
[Round "04"]
[TimeControl "180+1"]
[Date "2022.11.23"]
[WhiteClock "0:00:19"]
[BlackClock "0:00:01"]

1. Nf3 Nc6 2. d4 d5 3. g3 Nf6 4. Bg2 g6 5. O-O Bg7 6. Bf4 O-O 7. Ne5 Ne4 8. Nxc6 bxc6 9. c3 c5 10. dxc5 e5 11. Be3 c6 12. Bxe4 dxe4 13. Qxd8 Rxd8 14. Nd2 f5 15. Rfe1 Be6 16. b3 Rab8 17. Rad1 h6 18. h4 Kh7 19. f3 exf3 20. Nxf3 a5 21. Rd6 Bd5 22. c4 Be4 23. Red1 Re8 24. Rd7 a4 25. Nd2 Bc2 26. Rc1 axb3 27. axb3 Bxb3 28. Ra1 Bc2 29. Raa7 Rg8 30. Nf3 Rb1+ 31. Kf2 e4 32. Ne1 g5 33. hxg5 hxg5 34. Nxc2 Kg6 35. Rd6+ Kh5 36. Rxc6 Be5 37. Rh7+ Kg4 38. Rch6 f4 39. gxf4 gxf4 40. Rh4+ Kf5 41. R7h5+ Ke6 42. Bxf4 Bf6 43. Rh6 Rbg1 44. Ne3 Rc1 45. c6 Rb1 46. c7 Rb7 47. Nd5 Kf7 48. Rxf6+ Kg7 49. Rg4+ Kh7 50. Rf7+ Kh8 51. Rh4# 1-0


[Site "https://www.chess.com"]

[Event "Titled Tuesday Blitz November 22 Early 2022"]
[White "Stribuk, Artiom"]
[Black "Aizpurua, Patrick Emilio"]
[WhiteFideId "13515659"]
[BlackFideId "6600522"]
[WhiteElo "2371"]
[BlackElo "2378"]
[Result "1-0"]
[Round "04"]
[TimeControl "180+1"]
[Date "2022.11.23"]
[WhiteClock "0:00:21"]
[BlackClock "0:00:03"]

1. d4 d5 2. c4 c6 3. Nf3 Nf6 4. e3 a6 5. Nbd2 Bg4 6. h3 Bh5 7. g4 Bg6 8. Ne5 e6 9. Bg2 Nbd7 10. Nxg6 hxg6 11. O-O g5 12. e4 dxe4 13. Nxe4 Nxe4 14. Bxe4 Be7 15. Bg2 Qc7 16. d5 cxd5 17. cxd5 e5 18. Be3 Qd6 19. Qd2 f6 20. Rac1 Kf7 21. Rc2 Rac8 22. Rfc1 Rxc2 23. Rxc2 e4 24. Qd4 Qe5 25. Qxe4 Qxe4 26. Bxe4 Rxh3 27. Rc7 Ke8 28. Bf5 Ne5 29. Be6 Bd6 30. Rxb7 Rh4 31. Rb6 Ke7 32. Rb7+ Ke8 33. Rxg7 Nxg4 34. Bb6 Nh6 35. Rd7 Be5 36. Rd8+ Ke7 37. Rd7+ Ke8 38. Rh7 f5 39. Bc5 g4 40. Ra7 g3 41. Ra8+ 1-0


[Site "https://www.chess.com"]

[Event "Titled Tuesday Blitz November 22 Early 2022"]
[White "Szente Varga, Fruzsina"]
[Black "Larina, Maria"]
[WhiteFideId "712264"]
[BlackFideId "24113182"]
[WhiteElo "1994"]
[BlackElo "1848"]
[Result "1/2-1/2"]
[Round "04"]
[TimeControl "180+1"]
[Date "2022.11.23"]
[WhiteClock "0:00:17"]
[BlackClock "0:00:07"]

1. e4 c6 2. d4 d5 3. Nc3 dxe4 4. Nxe4 Nf6 5. Nxf6+ exf6 6. c3 Bd6 7. Bd3 O-O 8. Qc2 Re8+ 9. Ne2 h5 10. Bd2 Nd7 11. O-O-O Nf8 12. Ng3 g6 13. Bh6 f5 14. Kb1 b5 15. f3 Be6 16. Ne2 Qc7 17. h3 h4 18. Bg5 Be7 19. Qd2 a5 20. Bxe7 Qxe7 21. g4 hxg3 22. Nxg3 Qh4 23. Rdg1 Kh7 24. Qg2 f4 25. Ne4 Nd7 26. Nd6 Re7 27. Re1 Bxa2+ 28. Kxa2 Rxe1 29. Rxe1 Qxe1 30. Nxf7 Qe6+ 31. Kb1 Qxf7 32. Qg5 Kg7 33. h4 Qf6 34. Qg4 Nf8 35. h5 Re8 36. hxg6 Nxg6 37. Qd7+ Re7 38. Qc8 Qg5 39. Ka2 Qd5+ 40. Kb1 Re1+ 41. Kc2 Re7 42. Qg4 Qe6 43. Qg5 a4 44. d5 cxd5 45. Bxb5 a3 46. bxa3 Qf7 47. a4 Re5 48. Qg4 Qf5+ 49. Qxf5 Rxf5 50. a5 Rf7 51. a6 Ra7 52. Kd3 Ne5+ 53. Kd4 Nxf3+ 54. Kxd5 Nd2 55. Kc5 f3 56. Kb6 Re7 57. a7 Re8 58. Kb7 f2 59. a8=Q Rxa8 60. Kxa8 f1=Q 61. Bxf1 Nxf1 62. c4 Ne3 63. c5 Nd5 64. c6 Kf7 65. Kb7 Ke7 66. c7 Nxc7 1/2-1/2


[Site "https://www.chess.com"]

[Event "Titled Tuesday Blitz November 22 Early 2022"]
[White "Tanenbaum, Zachary"]
[Black "Alekseenko, Kirill"]
[WhiteFideId "2060850"]
[BlackFideId "4135539"]
[WhiteElo "2175"]
[BlackElo "2682"]
[Result "0-1"]
[Round "04"]
[TimeControl "180+1"]
[Date "2022.11.22"]
[WhiteClock "0:00:01"]
[BlackClock "0:00:16"]

1. e4 e5 2. Nf3 Nc6 3. Bc4 Nf6 4. d3 Bc5 5. c3 d6 6. Nbd2 Bb6 7. a4 O-O 8. Nf1 d5 9. exd5 Nxd5 10. Ng3 a5 11. O-O Kh8 12. Re1 f6 13. Bd2 Be6 14. d4 Bg8 15. dxe5 Nxe5 16. Nxe5 fxe5 17. Ne4 Nxc3 18. Bxc3 Bxc4 19. Bxe5 Qe7 20. Qh5 Qf7 21. Qh4 Rae8 22. Bg3 Qe7 23. Qxe7 Rxe7 24. Nd2 Rxe1+ 25. Rxe1 Bd5 26. Re7 h6 27. Kf1 Rf7 28. Rxf7 Bxf7 29. Ke2 c6 30. Kd3 Bd5 31. f3 Kg8 32. Nc4 Bd8 33. Nd6 b6 34. Nb7 Bf6 35. Bc7 b5 36. axb5 cxb5 37. Nxa5 Bxb2 38. Bd6 Kf7 39. Bb4 g5 40. Kc2 Be5 41. h3 Kg6 42. Nb3 Kf5 43. Nc5 Bd4 44. Nd3 Bc4 45. Bd2 Bb6 46. Nb4 Ke6 47. Nd3 Bd4 48. Nb4 Bf6 49. Nd3 Kd5 50. Nb4+ Kc5 51. Nd3+ Kd6 52. Nb4 Bf1 53. g3 Bxh3 54. Nd3 Bg2 55. f4 Be4 56. fxg5 hxg5 57. Be3 b4 58. Kd2 b3 59. Bf2 b2 60. Nxb2 Bxb2 61. Be3 Bf6 62. Ke2 Ke6 63. Kf2 Kf5 64. Bb6 Kg4 65. Bc7 Bd4+ 66. Ke2 Bc5 67. Bb8 Bc6 68. Bc7 Bb5+ 69. Ke1 Kf3 70. Bb8 Bf2+ 71. Kd2 Bxg3 72. Ba7 Bf4+ 0-1


[Site "https://www.chess.com"]

[Event "Titled Tuesday Blitz November 22 Early 2022"]
[White "Tang, Andrew"]
[Black "Fedoseev, Vladimir"]
[WhiteFideId "2059630"]
[BlackFideId "24130737"]
[WhiteElo "2581"]
[BlackElo "2726"]
[Result "1-0"]
[Round "04"]
[TimeControl "180+1"]
[Date "2022.11.22"]
[WhiteClock "0:00:06"]
[BlackClock "0:00:02"]

1. d4 d5 2. Bf4 c5 3. e3 cxd4 4. exd4 Nc6 5. Nf3 Bg4 6. c3 Bxf3 7. Qxf3 e6 8. Nd2 Bd6 9. Bd3 Bxf4 10. Qxf4 Qf6 11. Qg4 h5 12. Qe2 Qh6 13. O-O-O Nf6 14. Kb1 a6 15. Nf3 Nd7 16. h4 Qf6 17. Ng5 Qe7 18. Rhe1 O-O-O 19. f4 g6 20. f5 gxf5 21. Bxf5 Rde8 22. Bd3 Nd8 23. c4 dxc4 24. Bxc4 Qd6 25. Qf3 Nb6 26. Ne4 Qb4 27. Bb3 Kb8 28. a3 Qe7 29. Qg3+ Ka7 30. d5 Rhg8 31. Qf2 exd5 32. Nc3 Qd6 33. Rxe8 Rxe8 34. Rxd5 Qc7 35. Rxh5 Kb8 36. Rf5 Nc8 37. h5 Nd6 38. Rf3 Qe7 39. h6 Qg5 40. h7 Qg6+ 41. Bc2 Qh6 42. Rh3 Qg7 43. Qf4 1-0


[Site "https://www.chess.com"]

[Event "Titled Tuesday Blitz November 22 Early 2022"]
[White "Tologon tegin, Semetei"]
[Black "Rose, Felix"]
[WhiteFideId "13800574"]
[BlackFideId "5105722"]
[WhiteElo "2282"]
[BlackElo "2039"]
[Result "1-0"]
[Round "04"]
[TimeControl "180+1"]
[Date "2022.11.23"]
[WhiteClock "0:00:14"]
[BlackClock "0:00:07"]

1. e4 c5 2. Nf3 d6 3. d4 cxd4 4. Nxd4 Nf6 5. Nc3 a6 6. a3 e5 7. Nf3 Be7 8. Bg5 Be6 9. Bxf6 Bxf6 10. Nd5 Nd7 11. Bc4 O-O 12. c3 Rc8 13. Ba2 b5 14. O-O Bxd5 15. Bxd5 Nb6 16. Qd3 Qc7 17. Rfd1 Be7 18. Nd2 Nxd5 19. Qxd5 Qc6 20. Nf1 Qxd5 21. Rxd5 f5 22. exf5 Rxf5 23. a4 Rb8 24. Ne3 Rf4 25. axb5 axb5 26. Ra7 Bf8 27. Ra5 b4 28. c4 b3 29. Rab5 Rxb5 30. Rxb5 Rd4 31. Rxb3 g6 32. Rb8 Kf7 33. Rb7+ Ke6 34. Rxh7 Rd2 35. Rb7 Bh6 36. Nf1 Rc2 37. b3 Bc1 38. g3 Bb2 39. Ne3 Rd2 40. Kg2 Bd4 41. Kf3 g5 42. h4 gxh4 43. gxh4 e4+ 44. Kxe4 Bf6 45. f4 Bxh4 46. f5+ Kf6 47. Nd5+ Kg5 48. f6 Re2+ 49. Kd3 Rf2 50. Rd7 Bg3 51. b4 Be5 52. b5 Kg6 53. b6 Bxf6 54. Nxf6 Rxf6 55. b7 Rf8 56. Rxd6+ Kf5 57. Rb6 Rb8 58. Kd4 Rd8+ 59. Kc5 Ke5 60. Kc6 Kd4 61. Kc7 Rh8 62. b8=Q Rxb8 63. Kxb8 Kc5 64. Kc7 Kxc4 65. Kc6 Kc3 66. Rb5 Kc4 67. Kb6 Kc3 68. Kc5 Kc2 69. Kc4 Kd2 70. Re5 Kc2 71. Re2+ Kd1 72. Kd3 Kc1 73. Kc3 Kd1 74. Re3 Kc1 75. Re1# 1-0


[Site "https://www.chess.com"]

[Event "Titled Tuesday Blitz November 22 Early 2022"]
[White "Unat, Can Haktan"]
[Black "Begmuratov, Khumoyun"]
[WhiteFideId "6398073"]
[BlackFideId "14210207"]
[WhiteElo "2146"]
[BlackElo "2267"]
[Result "0-1"]
[Round "04"]
[TimeControl "180+1"]
[Date "2022.11.23"]
[WhiteClock "0:00:08"]
[BlackClock "0:00:11"]

1. e4 e5 2. Nf3 Nc6 3. Bb5 Nf6 4. O-O Nxe4 5. d4 Nd6 6. a4 Nxb5 7. axb5 Nxd4 8. Nxd4 exd4 9. Re1+ Be7 10. Bg5 f6 11. Qxd4 O-O 12. Bf4 d5 13. Rxa7 Rxa7 14. Qxa7 Re8 15. Qe3 Bd7 16. Qc3 c5 17. bxc6 bxc6 18. Na3 Bf8 19. Rd1 Bg4 20. f3 Qb6+ 21. Kh1 Bf5 22. h3 Re2 23. Rf1 Bc5 24. Nb1 Rxc2 25. Qe1 Kf7 26. Nc3 Qxb2 27. Na4 Qb4 28. Nxc5 Qxf4 29. Qa1 Bxh3 30. Qa7+ Kg6 31. Qxg7+ Kxg7 32. Ne6+ Bxe6 0-1


[Site "https://www.chess.com"]